 Dungeon Crawl Stone Soup version 0.17-a0-2073-gde5cdba (webtiles) character file.

78579 Raurakos the Unseen (level 15, -3/80 HPs)
             Began as a Spriggan Assassin on Oct 14, 2015.
             Was the Champion of Dithmenos.
             Slain by an enchanted long sword (20 damage)
             ... on level 13 of the Dungeon on Oct 15, 2015.
             The game lasted 03:20:40 (34987 turns).

Raurakos the Unseen (Spriggan Assassin)            Turns: 34987, Time: 03:20:41

Health: -3/80      AC: 13    Str:  7    XL:     15   Next: 18%
Magic:  0/32       EV: 29    Int: 13    God:    Dithmenos [******]
Gold:   1749       SH:  0    Dex: 24    Spells: 4 memorised, 28 levels left

rFire  + . .     SeeInvis +     b - +3 quick blade
rCold  + . .     Clarity  .     d - +2 mottled dragon armour
rNeg   + . .     SustAt   .     (shield restricted)
rPois  +         Gourm    .     o - +2 hat {SInv}
rElec  +         Spirit   +     p - +1 cloak
rCorr  .         Warding  .     (gloves unavailable)
rMut   .         Stasis   .     (boots unavailable)
MR     ++...                    N - amulet of the Rabble {Spirit rElec rPois Stlth+}
Stlth  ++++++++++               W - ring of positive energy
                                X - ring of protection from cold

@: about to teleport, manticore barbs, very slightly contaminated, regenerating,
wreathed by umbra, very quick, very resistant to hostile enchantments, uncannily
stealthy
A: unfitting armour, talons 1, see invisible, fire resistance 1, herbivore 3,
speed 3, slow metabolism 2, spit poison 1, MP-powered wands
a: Spit Poison, Shadow Step, Shadow Form, Renounce Religion


You were on level 13 of the Dungeon.
You worshipped Dithmenos.
Dithmenos was exalted by your worship.
You were not hungry.

You visited 4 branches of the dungeon, and saw 26 of its levels.
You also visited: Labyrinth and Sewer.

You collected 2531 gold pieces.
You spent 782 gold pieces at shops.

Inventory:

Hand Weapons
 a - a +2 dagger of venom
 b - a +3 quick blade (weapon)
 c - a +0 short sword of freezing
 F - a +0 blowgun
Missiles
 e - 16 poisoned needles
 f - 2 curare-tipped needles
 h - 107 stones (quivered)
Armour
 d - a +2 mottled dragon armour (worn)
 o - a +2 hat of see invisible (worn)
 p - a +1 cloak (worn)
 B - the -2 hat of the Alchemist {rElec rPois rF+ rC+ rN+ MR+ rMut rCorr}
   (You found it on level 4 of the Dungeon)

   It protects you from fire.
   It protects you from cold.
   It insulates you from electricity.
   It protects you from poison.
   It protects you from negative energy.
   It affects your resistance to hostile enchantments.
   It protects you from acid and corrosion.
   It protects you from mutation.
 R - the +1 robe of Xeyqet {+Inv rN+ Stlth+}
   (You found it on level 12 of the Dungeon)

   It protects you from negative energy.
   It lets you turn invisible.
   It makes you more stealthy.
Jewellery
 l - an uncursed ring of protection from cold
 A - an uncursed ring of protection from fire
 L - an uncursed ring of sustain attributes
 M - the amulet "Plog" {Stasis rPois MR+ Str+3 Dex+4}
   (You found it on level 9 of the Dungeon)

   [amulet of stasis]

   It prevents you from being teleported, slowed, hasted or paralysed.
   It affects your strength (+3).
   It affects your dexterity (+4).
   It protects you from poison.
   It affects your resistance to hostile enchantments.
 N - the amulet of the Rabble (around neck) {Spirit rElec rPois Stlth+}
   (You found it on level 4 of the Orcish Mines)

   [amulet of guardian spirit]

   It causes incoming damage to be split between your health and magic.
   It insulates you from electricity.
   It protects you from poison.
   It makes you more stealthy.
 W - a ring of positive energy (right hand)
 X - a ring of protection from cold (left hand)
Wands
 y - a wand of confusion (20)
 K - a wand of draining (11)
 O - a wand of polymorph (12)
 P - a wand of disintegration (4)
 T - a wand of teleportation (4)
 U - a wand of lightning (5)
Scrolls
 i - 5 scrolls of fog
 q - 5 scrolls of identify
 r - 5 scrolls of recharging
 s - 2 scrolls of fear
 u - 5 scrolls of teleportation
 v - 3 scrolls of blinking
 w - 5 scrolls of magic mapping
 E - a scroll of summoning
 G - 6 scrolls of remove curse
 S - 2 scrolls of amnesia
Potions
 j - 4 potions of agility
 k - 11 potions of curing
 m - 5 potions of haste
 n - 3 potions of might
 t - a potion of cure mutation
 x - 6 potions of brilliance
 z - a potion of flight
 C - 2 potions of magic
 D - a potion of heal wounds
 H - a potion of berserk rage
 Q - 2 potions of invisibility
Books
 J - a book of Battle

   Spells                             Type                      Level
   a - Infusion                       Charms                       1
   b - Shroud of Golubria             Charms/Translocation         2
   c - Song of Slaying                Charms                       2
   d - Spectral Weapon                Hexes/Charms                 3
   e - Regeneration                   Charms/Necromancy            3
Miscellaneous
 I - a plain deck of escape
 V - a phial of floods
Comestibles
 g - 9 bread rations


   Skills:
 - Level 10.0 Fighting
 - Level 10.0 Short Blades
 - Level 2.0 Throwing
 + Level 4.5 Armour
 - Level 12.0 Dodging
 - Level 20.0 Stealth
 - Level 12.0 Spellcasting
 - Level 5.0 Conjurations
 - Level 5.0 Charms
 - Level 5.0 Necromancy
 - Level 3.0 Translocations
 - Level 5.0 Air Magic
 - Level 5.0 Poison Magic


You had 28 spell levels left.
You knew the following spells:

 Your Spells              Type           Power        Failure   Level  Hunger
a - Mephitic Cloud        Conj/Pois/Air  ###.....     8%          3    None
b - Blink                 Tloc           N/A          10%         2    None
c - Repel Missiles        Chrm/Air       ###...       3%          2    None
d - Regeneration          Chrm/Necr      ###.......   8%          3    None


Dungeon Overview and Level Annotations

Branches:
Dungeon (13/15)            Temple (1/1) D:6            Lair (8/8) D:11
  Swamp (0/4) Lair:4        Snake (0/4) Lair:3        Slime (0/6) Lair:8
    Orc (4/4) D:12            Elf (0/3) Orc:4
 Vaults: D:13-14

Altars:
Ashenzari
Cheibriados
Dithmenos
Elyvilon
Fedhas
Gozag
Kikubaaqudgha
Makhleb
Nemelex Xobeh
Okawaru
Qazlal
Ru
Sif Muna
Trog
Vehumet
Xom
Yredelemnul
Zin
The Shining One
Beogh

Shops:
D:7 }   Orc:4 *[}:

Annotations:
D:8 Erolcha
D:10 WildSam's ghost, novice DsCK
Lair:2 pk666's ghost, journeyman MiBe
Lair:3 Maud
Lair:7 emiel's ghost, journeyman MiGl


Innate Abilities, Weirdness & Mutations

You are tiny and cannot use many weapons and most armour.
You have supernaturally acute eyesight.
You are a herbivore.
You cover ground extremely quickly.
You need consume almost no food.
You have sharp toenails.
Your flesh is heat resistant.
You can spit weak poison.
You expend magic power (3 MP) to strengthen your wands.


Message History

The enchanted long sword hits you!
You hit the enchanted long sword but do no damage.
Your kick misses the enchanted long sword.
You miss the enchanted long sword.
You claw the enchanted long sword, but do no damage.
You hit the enchanted long sword but do no damage.
The enchanted long sword hits you!!
* * * LOW HITPOINT WARNING * * *
Read which item? (? for menu, Esc to quit)
As you read the scroll of teleportation, it crumbles to dust.
You feel strangely unstable.
The enchanted long sword completely misses you.
You hit the enchanted long sword.
The enchanted long sword is lightly damaged.
You hit the enchanted long sword but do no damage.
Your kick misses the enchanted long sword.
The enchanted long sword is lightly damaged.
Your shadow misses the enchanted long sword.
The enchanted long sword hits you!!
You die...

.......#
#.##...## #
#####.#...†.#.##
.................
###........#.###
#..H5O......#
##c(D########
##(## #@# #.# #.#
#.# #.# #.# #.#
#.# #.#


You could see a centaur warrior, a manticore, a mottled dragon, an ogre, 2
dancing weapons and a crimson imp.

Vanquished Creatures
  Rupert (Orc:2)
  Gastronok (Orc:1)
  An orc warlord (Orc:4)
  Josephine (D:12)
  5 hydras
  2 centaur warriors (D:13)
  A catoblepas (Lair:8)
  2 tengu warriors (D:13)
  3 death yaks
  4 orc high priests (Orc:4)
  Nergalle (Orc:1)
  8 skeletal warriors
  A hill giant (D:12)
  3 manticores
  4 orc knights
  4 griffons (Lair:8)
  4 orc sorcerers
  An ugly thing (D:12)
  A cyclops (D:12)
  An oklob plant (Lair:8)
  Maurice (Orc:2)
  7 black mambas
  8 spiny frogs
  5 elephants
  13 komodo dragons
  4 fire drakes
  2 trolls (Orc:4)
  7 polar bears
  14 blink frogs (Lair:8)
  Prince Ribbit (D:6)
  A boulder beetle (Orc:3)
  4 two-headed ogres (Orc:4)
  A minotaur skeleton (Lab)
  7 wyverns
  A deep elf mage (D:11)
  A hill giant zombie (D:12)
  5 wraiths (D:12)
  Eustachio (D:4)
  49 yaks
  5 basilisks
  10 hippogriffs
  3 hungry ghosts
  2 steam dragons (Lair:8)
  3 nagas (Lair:3)
  7 wolves
  3 wargs
  2 mottled dragons (Lair:8)
  Edmund (D:6)
  13 porcupines
  14 water moccasins
  2 ice beasts
  4 sky beasts
  4 phantoms
  2 wasps (D:13)
  50 orc warriors
  A black bear (Lair:4)
  12 centaurs
  An eye of draining (D:12)
  2 swamp drakes
  18 crocodiles
  8 giant frogs
  19 ogres
  5 big kobolds
  A gnoll sergeant (D:8)
  6 killer bees
  A troll zombie (D:12)
  4 scorpions
  6 electric eels
  19 jellies
  A giant frog zombie (D:10)
  47 orc priests
  2 crimson imps
  2 centaur skeletons
  4 hounds
  A centaur zombie (D:5)
  3 giant frog skeletons
  44 orc wizards
  9 iguanas
  11 worker ants
  3 ogre zombies (D:12)
  30 sheep
  2 worker ant zombies
  A hound skeleton (D:9)
  86 river rats
  14 gnolls
  13 adders
  5 shadow imps
  12 white imps
  4 oozes
  2 adder zombies
  9 worms
  5 giant geckos
  229 orcs
  3 ball pythons
  3 giant cockroaches
  6 hobgoblins
  8 quokkas
  9 bats
  A giant gecko zombie (D:5)
  5 giant newts
  8 goblins
  A goblin skeleton (D:12)
  2 goblin zombies (D:12)
  A hobgoblin skeleton (D:12)
  2 hobgoblin zombies (D:12)
  10 jackals
  18 kobolds
  3 orc skeletons (D:12)
  10 orc zombies (D:12)
  6 rats
  A bush (Lair:6)
1045 creatures vanquished.

Vanquished Creatures (others)
  A river rat (Lair:8)
  A bush (Lair:6)
  20 fungi
  15 plants
37 creatures vanquished.

Grand Total: 1082 creatures vanquished

Notes
Turn   | Place    | Note
--------------------------------------------------------------
     0 | D:1      | Raurakos the Spriggan Assassin began the quest for the Orb.
     0 | D:1      | Reached XP level 1. HP: 10/10 MP: 2/2
   164 | D:1      | Reached skill level 6 in Stealth
   356 | D:1      | Reached XP level 2. HP: 8/14 MP: 3/3
   512 | D:1      | Reached skill level 7 in Stealth
   603 | D:2      | Found a shattered altar of Ashenzari.
   876 | D:2      | Reached XP level 3. HP: 16/18 MP: 4/4
   959 | D:2      | Reached skill level 8 in Stealth
  1187 | D:2      | Found a shimmering altar of Xom.
  1187 | D:2      | Found a burning altar of Makhleb.
  1277 | D:3      | Found a shadowy altar of Dithmenos.
  1302 | D:3      | Reached XP level 4. HP: 13/22 MP: 5/5
  1321 | D:3      | Became a worshipper of Dithmenos the Shadowed
  1595 | D:3      | Found a basalt altar of Yredelemnul.
  2298 | D:4      | Reached XP level 5. HP: 25/25 MP: 6/6
  2332 | D:4      | Reached skill level 9 in Stealth
  2456 | D:4      | Found a burning altar of Makhleb.
  2471 | D:4      | Found an ancient bone altar of Kikubaaqudgha.
  2471 | D:4      | Found a shattered altar of Ashenzari.
  2472 | D:4      | Found a sacrificial altar of Ru.
  2544 | D:4      | Noticed Eustachio
  2548 | D:4      | Killed Eustachio
  2548 | D:4      | Reached XP level 6. HP: 30/30 MP: 7/7
  2578 | D:4      | Reached * piety under Dithmenos
  2598 | D:4      | Found a glowing drain.
  2608 | Sewer    | Entered a sewer
  2615 | Sewer    | Reached skill level 10 in Stealth
  3322 | Sewer    | Reached skill level 5 in Short Blades
  3402 | Sewer    | Reached XP level 7. HP: 25/33 MP: 8/8
  3699 | D:4      | Noticed a phantom
  3707 | D:4      | Killed a phantom
  3707 | D:4      | Reached skill level 11 in Stealth
  3865 | D:5      | Entered Level 5 of the Dungeon
  4448 | D:5      | Reached skill level 12 in Stealth
  4448 | D:5      | Reached XP level 8. HP: 33/37 MP: 9/9
  4710 | D:6      | Learned a level 2 spell: Blink
  4713 | D:6      | Learned a level 2 spell: Repel Missiles
  4717 | D:6      | Learned a level 3 spell: Mephitic Cloud
  4893 | D:6      | Reached ** piety under Dithmenos
  5056 | D:6      | Noticed Edmund
  5112 | D:6      | Killed Edmund
  5333 | D:6      | Reached skill level 13 in Stealth
  5356 | D:6      | Found a staircase to the Ecumenical Temple.
  5365 | Temple   | Entered the Ecumenical Temple
  5550 | D:7      | Noticed Prince Ribbit
  6989 | D:7      | Found Soluebah's Gadget Shop.
  7014 | D:7      | Reached XP level 9. HP: 36/41 MP: 10/10
  7054 | D:7      | Bought a plain deck of escape for 182 gold pieces
  7305 | D:7      | Reached skill level 14 in Stealth
  7409 | D:6      | Reached *** piety under Dithmenos
  7822 | D:6      | Killed Prince Ribbit
  8375 | D:7      | Reached skill level 10 in Short Blades
  9034 | D:7      | Reached skill level 15 in Stealth
  9967 | D:8      | Reached skill level 5 in Dodging
 10122 | D:8      | Reached **** piety under Dithmenos
 10164 | D:8      | Reached XP level 10. HP: 38/46 MP: 11/11
 10182 | D:8      | Noticed Erolcha
 10239 | D:8      | Reached skill level 16 in Stealth
 10979 | D:9      | Gained mutation: You expend magic power (3 MP) to strengthen your wands. [potion of mutation]
 10979 | D:9      | Gained mutation: You have sharp toenails. [potion of mutation]
 10980 | D:9      | Gained mutation: You can spit weak poison. [potion of mutation]
 10980 | D:9      | Gained mutation: Your flesh is heat resistant. [potion of mutation]
 11383 | D:9      | Got a slimy tin amulet
 11406 | D:9      | Identified the amulet "Plog" {Stasis rPois MR+ Str+3 Dex+4} (You found it on level 9 of the Dungeon)
 11586 | D:10     | Entered Level 10 of the Dungeon
 11602 | D:10     | Noticed WildSam's ghost (novice DsCK)
 11965 | D:10     | Reached skill level 17 in Stealth
 12312 | D:11     | Found a blossoming altar of Fedhas.
 12512 | D:11     | Reached ***** piety under Dithmenos
 12665 | D:11     | Found a staircase to the Lair.
 12705 | D:11     | Reached skill level 10 in Dodging
 12837 | D:11     | Reached skill level 1 in Conjurations
 13303 | D:11     | Reached skill level 18 in Stealth
 13413 | D:12     | Got a faintly glowing tin amulet
 13433 | D:11     | Identified the amulet of the Nine Realms {Gourm Slay+3} (You found it on level 12 of the Dungeon)
 13672 | D:11     | Noticed a red ugly thing
 13866 | D:12     | Reached XP level 11. HP: 49/49 MP: 12/12
 13869 | D:12     | Found a staircase to the Orcish Mines.
 14244 | D:12     | Noticed Josephine
 14556 | Lair:1   | Entered Level 1 of the Lair of Beasts
 15669 | Lair:2   | Reached skill level 19 in Stealth
 15768 | Lair:2   | Noticed pk666's ghost (journeyman MiBe)
 16973 | Lair:3   | Noticed an eight-headed hydra
 17016 | Lair:3   | Killed an eight-headed hydra
 17016 | Lair:3   | Reached skill level 5 in Conjurations
 17088 | Lair:3   | Found a staircase to the Snake Pit.
 17146 | Lair:3   | Reached skill level 1 in Poison Magic
 17514 | Lair:4   | Noticed Maud
 17851 | Lair:3   | Reached skill level 20 in Stealth
 18289 | Lair:3   | Reached skill level 1 in Air Magic
 18902 | Lair:3   | Reached XP level 12. HP: 44/53 MP: 13/13
 19191 | Lair:4   | Found a staircase to the Swamp.
 19523 | Lair:4   | Reached skill level 5 in Poison Magic
 19810 | Lair:4   | Reached skill level 1 in Spellcasting
 20020 | Lair:5   | Found a frozen archway.
 20173 | Lair:5   | Found a labyrinth entrance.
 20181 | Lab      | Entered a labyrinth
 20376 | Lab      | Noticed a minotaur
 21174 | Lab      | Identified the Compendium of Icy Blows and Bruises (You found it in a labyrinth)
 21958 | Lair:5   | Reached skill level 5 in Spellcasting
 23342 | Lair:6   | Got a fine long sword
 24139 | Lair:7   | Reached skill level 10 in Spellcasting
 24565 | Lair:7   | Reached XP level 13. HP: 33/61 MP: 22/28
 24751 | Lair:7   | Noticed a six-headed hydra
 24755 | Lair:7   | Noticed emiel's ghost (journeyman MiGl)
 25341 | Lair:8   | Entered Level 8 of the Lair of Beasts
 25380 | Lair:8   | Reached skill level 5 in Fighting
 25386 | Lair:8   | Reached skill level 1 in Translocations
 25433 | Lair:8   | Reached skill level 1 in Charms
 25501 | Lair:8   | Found a staircase to the Slime Pits.
 26345 | Lair:8   | Reached skill level 5 in Air Magic
 26426 | Lair:8   | Reached skill level 5 in Charms
 27649 | Lair:7   | Reached ****** piety under Dithmenos
 27867 | Lair:8   | Reached skill level 1 in Armour
 27963 | Lair:8   | Reached XP level 14. HP: 32/68 MP: 31/31
 28762 | D:12     | Killed Josephine
 28796 | Orc:1    | Entered Level 1 of the Orcish Mines
 28796 | Orc:1    | Noticed Nergalle
 28800 | Orc:1    | Killed Nergalle
 28819 | Orc:1    | Noticed Gastronok
 29759 | Orc:2    | Noticed Maurice
 29769 | Orc:2    | Killed Maurice
 30074 | Orc:3    | Found a radiant altar of Vehumet.
 30595 | Orc:4    | Entered Level 4 of the Orcish Mines
 30924 | Orc:2    | Noticed Rupert
 31055 | Orc:2    | Killed Rupert
 31403 | Orc:1    | Killed Gastronok
 31833 | Orc:4    | Found a roughly hewn altar of Beogh.
 32200 | Orc:4    | Found Robuasty's Gadget Boutique.
 32214 | Orc:4    | Found Hohuom's Book Shop.
 32238 | Orc:4    | Bought a book of Battle for 600 gold pieces
 32244 | Orc:4    | Learned a level 3 spell: Regeneration
 32319 | Orc:4    | Reached skill level 1 in Necromancy
 32585 | Orc:4    | Found a staircase to the Elven Halls.
 32794 | Orc:4    | Found a roughly hewn altar of Beogh.
 32794 | Orc:4    | Noticed an orc warlord
 32801 | Orc:4    | Killed an orc warlord
 32905 | Orc:4    | Found Uskaryiph's Assorted Antiques.
 32990 | Orc:4    | Found Xoyqaun's Armour Shop.
 33009 | Orc:4    | Reached skill level 5 in Necromancy
 33177 | Orc:4    | Got a scintillating lead amulet
 33178 | Orc:4    | Identified the amulet of the Rabble {Spirit rElec rPois Stlth+} (You found it on level 4 of the Orcish Mines)
 33581 | D:12     | Noticed a brown ugly thing
 33586 | D:12     | Killed a brown ugly thing
 33674 | D:12     | Got an ominously black robe
 33685 | D:12     | Identified the +1 robe of Xeyqet {+Inv rN+ Stlth+} (You found it on level 12 of the Dungeon)
 33729 | D:12     | Noticed a skeletal warrior
 33729 | D:12     | Noticed a skeletal warrior
 33729 | D:12     | Noticed a skeletal warrior
 33734 | D:12     | Killed a skeletal warrior
 33738 | D:12     | Killed a skeletal warrior
 33842 | D:12     | Killed a skeletal warrior
 33842 | D:12     | Reached skill level 10 in Fighting
 33896 | D:12     | Noticed an eight-headed hydra
 33901 | D:12     | Killed an eight-headed hydra
 34022 | D:12     | Noticed a hill giant
 34025 | D:12     | Killed a hill giant
 34049 | D:12     | Noticed a cyclops
 34060 | D:12     | Killed a cyclops
 34060 | D:12     | Reached XP level 15. HP: 76/80 MP: 27/32
 34408 | D:13     | Found a sacrificial altar of Ru.
 34987 | D:13     | Slain by an enchanted long sword

Vault maps used:
D:1:      zaba_arrival_water, minmay_misc_feat_hallway
D:2:      gammafunk_temple_overflow_wave, first_bread, minmay_splitting_lines,
          ashenzari_altar_1
D:3:      lemuel_doored_altar, yredelemnul_altar_generic
D:4:      gammafunk_temple_overflow_forgotten, portal_sewer_entry_d,
          grunt_decor_one_mirror, bloody_makhleb, uniq_eustachio
D:6:      minmay_temple_entry_purple_smoke, uniq_edmund
D:7:      kennysheep_big_flooded_room, serial_shops, nicolae_shop_stone,
          uniq_prince_ribbit1
D:8:      serial_shops, nicolae_shop_stone, hangedman_little_slice_of_home,
          roderic_serpentine_path, kennysheep_generic_room_9, uniq_erolcha
D:11:     erik_lair_orcish_takeover, fedhas_altar_1
D:12:     zombieorc1_lemuel, uniq_josephine
D:13:     erik_vaults_1, nicolae_water_bricks, nicolae_ru_sacrificial_ziggurat
Temple:   circular_temple_12
Lair:1:   minmay_hedge_maze, pond
Lair:2:   nicolae_quartered_pool_little, lemuel_fruit_fields
Lair:3:   guppyfry_snake_entry_garden
Lair:4:   minmay_swamp_entry_reptiles, infiniplex_staircase_pool, uniq_maud
Lair:5:   portal_ice_cave_entry_imps, lab_entry_generic
Lair:6:   wad_woods_06, beast_lair_carwin_6
Lair:8:   hangedman_lair_in_review, guppyfry_lair_end_dragon,
          minmay_slime_entry_jelly_boxes, disabler_island, serial_bayou_shore_b
Orc:1:    uniq_nergalle, uniq_gastronok
Orc:2:    uniq_rupert, uniq_maurice
Orc:3:    basic_altar, nicolae_orc_pool_cavern, rock_pile
Orc:4:    pubby_orc_utopia
Lab:      nicolae_lab_dead_adventurers, nicolae_lab_plus, nicolae_lab_lava,
          lab_statue, labyrinth_fake_exit
Sewer:    sewer_co_15_rooms

Action                   |  1- 3 |  4- 6 |  7- 9 | 10-12 | 13-15 || total
-------------------------+-------+-------+-------+-------+-------++-------
Melee: Dagger            |    41 |     9 |    35 |   332 |   924 ||  1341
       Short sword       |    31 |   109 |   438 |  1370 |    99 ||  2047
       Quick blade       |       |       |       |       |   694 ||   694
 Fire: Blowgun           |     5 |    20 |    88 |   175 |    10 ||   298
Throw: Stone             |       |       |    50 |     1 |     9 ||    60
 Cast: Repel Missiles    |       |       |     1 |     2 |     3 ||     6
       Blink             |       |       |     1 |     2 |     4 ||     7
       Mephitic Cloud    |       |       |       |    38 |    85 ||   123
       Regeneration      |       |       |       |       |     9 ||     9
Invok: Shadow Step       |       |       |       |     4 |     7 ||    11
Evoke: Wand              |       |       |     1 |     6 |       ||     7
  Use: Scroll            |     1 |     2 |    10 |    17 |    12 ||    42
       Potion            |       |       |       |     2 |     2 ||     4
 Stab: Sleeping          |    19 |    12 |    31 |    95 |   204 ||   361
       Distracted        |       |     1 |    11 |    39 |    23 ||    74
       Confused          |       |       |       |    20 |    95 ||   115
       Petrified         |       |       |       |       |     4 ||     4
       Petrifying        |       |       |       |       |     3 ||     3
  Eat: Bread ration      |       |       |     1 |     1 |     2 ||     4
       Pizza             |       |       |     1 |     2 |       ||     3
       Fruit             |       |       |       |    12 |     1 ||    13
       Royal jelly       |       |       |       |     1 |     2 ||     3
